 Dungeon Crawl Stone Soup version 0.27-a0-1118-ga84896973d (webtiles) character file.

Game seed: 6313161317590900461

69 Froggeryz the Skirmisher (level 4, -7/49 HPs)
             Began as an Ogre Berserker on May 2, 2021.
             Was a Follower of Trog.
             Mangled by a gnoll
             ... wielding a +0 halberd
              (10 damage)
             ... on level 2 of the Dungeon.
             The game lasted 00:01:43 (1681 turns).

Froggeryz the Skirmisher (Ogre Berserker)           Turns: 1681, Time: 00:01:44

Health: -7/49      AC:  3    Str: 22    XL:     4   Next: 20%
Magic:  4/4        EV: 10    Int:  8    God:    Trog [*.....]
Gold:   143        SH:  0    Dex:  8    Spells: 3/3 levels left

rFire    . . .     SeeInvis .   l - +0 flail
rCold    . . .     Faith    .   (no shield)
rNeg     . . .     Spirit   .   b - +0 animal skin
rPois    .         Reflect  .   (helmet restricted)
rElec    .         Harm     .   (no cloak)
rCorr    .         Rampage  .   (gloves unavailable)
Will     .....                  (boots unavailable)
Stlth    +.........             (no amulet)
HPRegen  0.16/turn              (no ring)
MPRegen  0.09/turn              (no ring)

@: on berserk cooldown, slowed, very slow
A: large, unfitting armour, tough skin 1
a: Renounce Religion, Berserk


You were on level 2 of the Dungeon.
You worshipped Trog.
Trog was aware of your devotion.
You visited 1 branch of the dungeon, and saw 2 of its levels.

You collected 143 gold pieces.

Inventory:

Hand Weapons
 l - a +0 flail (weapon)
Armour
 b - a +0 animal skin (worn)
Scrolls
 c - 2 scrolls of teleportation {unknown}
 d - 2 scrolls of brand weapon {unknown}
 f - 3 scrolls of identify {unknown}
 g - a scroll of enchant weapon {unknown}
 h - a scroll of blinking {unknown}
 j - a scroll of magic mapping {unknown}
Potions
 i - a potion of degeneration {unknown}
 k - a potion of might {unknown}


   Skills:
 + Level 4.8 Fighting
 + Level 3.6 Maces & Flails
 + Level 3.1 Dodging
 + Level 0.1 Stealth


You had 3 spell levels left.
You didn't know any spells.
Your spell library was empty.

Dungeon Overview and Level Annotations

Branches:
Dungeon (2/15)

Altars:


Innate Abilities, Weirdness & Mutations

You are too large for most types of armour.
You have tough skin. (AC +1)


Message History

Trog accepts your kill. The gnoll hits you but does no damage.
The gnoll hits you with a +0 halberd!
Items here: )) ? †††.
You are too injured to fight recklessly!
You are too injured to fight recklessly!
You are too injured to fight recklessly!
You are too injured to fight recklessly!
You are too injured to fight recklessly!
You are too injured to fight recklessly!
You are too injured to fight recklessly!
You are too injured to fight recklessly!
You are too injured to fight recklessly!
You are too injured to fight recklessly!
You are too injured to fight recklessly!
You are too injured to fight recklessly!
You are too injured to fight recklessly!
You are too injured to fight recklessly!
You are too injured to fight recklessly!
You are too injured to fight recklessly!
You are too injured to fight recklessly!
You are too injured to fight recklessly!
You closely miss the gnoll.
You are no longer berserk.
You are exhausted.
You feel yourself slow down. The gnoll hits you with a +0 halberd.
The gnoll barely misses you.
You barely miss the gnoll. The gnoll hits you with a +0 halberd.
* * * LOW HITPOINT WARNING * * *
The gnoll barely misses you. The gnoll hits you with a +0 halberd!
* * * LOW HITPOINT WARNING * * *
The gnoll hits you with a +0 club.
* * * LOW HITPOINT WARNING * * *
Unknown command.
Okay, then.
Okay, then.
Okay, then.
It was a potion of magic.
Magic courses through your body. The gnoll hits you with a +0 halberd!
You die...

########### ###
##########.........#
#..
#.....g@...........#
#..
#.####g)##.........#
#.. #...###.......##
#..
...#...#.....#.####..
...##.##.#..#..#.##....
#...# [
#...>......^^^.. #..
#.. #........##._... ##
#.# #.....##.##..^..
.##.##........###.#..


You could see 2 gnolls.

Vanquished Creatures
  3 gnolls
  An adder (D:2)
  2 endoplasms (D:1)
  3 giant cockroaches
  2 goblins (D:1)
  A hobgoblin (D:2)
  3 quokkas
  5 ball pythons
  A bat (D:1)
  3 frilled lizards
  6 kobolds
  3 rats
33 creatures vanquished.

Notes
Turn   | Place    | Note
-------+----------+-------------------------------------------
     0 | D:1      | Froggeryz the Ogre Berserker began the quest for the Orb.
     0 | D:1      | Reached XP level 1. HP: 24/24 MP: 1/1
   427 | D:1      | Reached XP level 2. HP: 32/32 MP: 2/2
   628 | D:1      | Reached XP level 3. HP: 40/40 MP: 3/3
  1478 | D:2      | Found a faded altar of an unknown god.
  1670 | D:2      | Reached XP level 4. HP: 49/49 MP: 4/4
  1681 | D:2      | Mangled by a gnoll

Illustrated notes

Levels and vault maps discovered:
D:1:      pf_arrival_petrified_forest, layout_basic, amcnicky_mini_pool_small
D:2:      layout_basic, ebering_ecumenical_altar_webs, minmay_distorted

Skill      XL: |  1  2  3 |
---------------+----------+-----
Maces & Flails | 3 |  3.6
Dodging        | 3 |  3.1
Fighting       | |  4.8
Stealth        | |  0.1

Action                   |  1- 3 |  4- 6 || total
-------------------------+-------+-------++-------
Melee: Mace              |    54 |       ||    54
       Flail             |    17 |    10 ||    27
Invok: Berserk           |     3 |       ||     3
  Use: Potion            |       |     1 ||     1
Armor: Animal skin       |    22 |     2 ||    24
Dodge: Dodged            |    31 |     9 ||    40

Table legend: (Time is in decaauts)
 A = Elapsed time spent in this place.
 B = Non-inter-level travel time spent in this place.
 C = Inter-level travel time spent in this place.
 D = Time resting spent in this place.
 E = Time spent auto-exploring this place.
 F = Levels seen in this place.
 G = Mean time per level.
                   A        B        C        D        E       F      G
               +--------+--------+--------+--------+--------+-----+--------+
         Total |   1708 |   1650 |     58 |    377 |   1054 |   2 |  854.0 |
       Dungeon |   1708 |   1650 |     58 |    377 |   1054 |   2 |  854.0 |
               +--------+--------+--------+--------+--------+-----+--------+

Top non-repeatable levels by time:
     D:1: 952 daAuts
     D:2: 755 daAuts
